 Dungeon Crawl Stone Soup version 0.29-a0-334-gb41bcbb86e (webtiles) character file.

Game seed: 5802263536341383294

70 BritishOli the Skirmisher (level 4, 35/35 HPs)
             Began as a Demonspawn Monk on Apr 14, 2022.
             Got out of the dungeon alive.
             The game lasted 00:02:05 (2288 turns).

BritishOli the Skirmisher (Demonspawn Monk)         Turns: 2288, Time: 00:02:05

Health: 35/35      AC:  5    Str: 14    XL:     4   Next: 4%
Magic:  4/4        EV: 11    Int: 11    God:
Gold:   91         SH:  0    Dex: 15    Spells: 3/3 levels left

rFire   . . .      SeeInvis .   a - +0 falchion
rCold   . . .      Faith    .   (no shield)
rNeg    . . .      Spirit   .   l - +0 ring mail
rPois   .          Reflect  .   (no helmet)
rElec   .          Harm     .   (no cloak)
rCorr   .          Rampage  .   (no gloves)
Will    .....                   (no boots)
Stlth   +.........              (no amulet)
HPRegen 0.11/turn               i - ring of flight
MPRegen 0.09/turn               (no ring)

@: flying
A: claws 1, foul stench 1, powered by pain 1
a: no special abilities


You escaped.
You visited 1 branch of the dungeon, and saw 2 of its levels.

You collected 91 gold pieces.

Inventory:

Hand Weapons
 a - a +0 falchion (weapon)
Missiles
 d - 2 boomerangs (quivered)
Armour
 l - a +0 ring mail (worn)
Jewellery
 i - a ring of flight (left claw)
Scrolls
 e - a scroll of teleportation {unknown}
 g - a scroll of identify {unknown}
 k - a scroll of fog {unknown}
Potions
 b - a potion of heal wounds {unknown}
 c - a potion of ambrosia
 f - a potion of berserk rage {unknown}
 h - a potion of resistance
 j - a potion of invisibility {unknown}


   Skills:
 + Level 3.5 Fighting
 + Level 3.2 Long Blades
 + Level 0.9 Armour
 + Level 3.2 Dodging
 - Level 2.1 Stealth


You had 3 spell levels left.
You didn't know any spells.
Your spell library was empty.

Dungeon Overview and Level Annotations

Branches:
Dungeon (2/15)

Altars:


Innate Abilities, Weirdness & Mutations

You have sharp fingernails.
You may rarely emit foul miasma when damaged in melee.
You sometimes gain a little power by taking damage.


Message History

You slash the bat!
You kill the bat!
No target in view!
Natasha, Servant of Life and Death comes into view.
Natasha is nearby!
Found 15 gold pieces.
Natasha hisses angrily.
Natasha barely misses you.
You hit Natasha but do no damage. Natasha misses you.
You miss Natasha. Natasha claws you.
You miss Natasha.
Natasha drinks a potion.
Natasha suddenly seems more resistant.
Natasha completely misses you.
You hit Natasha but do no damage. Natasha claws you.
You barely miss Natasha. Natasha claws you but does no damage.
You hit Natasha but do no damage. Natasha closely misses you.
You slash Natasha! Your claw misses Natasha.
Natasha is heavily wounded.
Natasha claws you but does no damage.
You slash Natasha!
You kill Natasha!
You hear a faint echoing roar filled with hate and sorrow!
You have reached level 4!
You feel stronger.
Your demonic ancestry asserts itself...
You feel energised by your suffering.
You now have 91 gold pieces (gained 15).
Found a stone staircase leading down.
(D) Dungeon
Where to? (Enter - D:2, ? - help)
Found a scroll labelled TAROUKAARE.
There is a stone staircase leading up here.
You fly upwards.
There is a stone staircase leading down here.
(D) Dungeon
Where to? (Enter - D:1, ? - help)
Okay, then.
You can't go up here!
There is a staircase leading out of the dungeon here.
You can't go down here!
Are you sure you want to leave the Dungeon?
This will make you lose the game!
You have escaped!

.............#.#.#...............
...#.####.##.#.#.#...............
...#.####.##.#.#.#...............
.................###########.....
...#.####.##.#.### ######
.............#.# ########### #
####.#.##.##.#.###P#P#P#P#P### #
####.#.........#.............#
.)...#.##.##.###@..PP........####
.....#.##.##.# #.................
###..#.##.##.# ###P#P#P#P#P#.####
###..#.##.##.###############.#
...........................#.#
.............###.####.###..#.#
.....#.....................#.#
...........#####.####.###..#.####
..##.#.##..# #.##.......†......


There were no monsters in sight!

Vanquished Creatures
  Natasha (D:2)
  A gnoll (D:1)
  An adder (D:2)
  A dart slug (D:1)
  2 ball pythons (D:1)
  4 bats
  An endoplasm (D:1)
  A giant cockroach (D:2)
  2 goblins (D:1)
  2 hobgoblins (D:1)
  4 jackals (D:1)
  2 quokkas (D:1)
  2 frilled lizards (D:1)
  A rat (D:1)
25 creatures vanquished.

Notes
Turn   | Place    | Note
-------+----------+-------------------------------------------
     0 | D:1      | BritishOli the Demonspawn Monk began the quest for the Orb.
     0 | D:1      | Reached XP level 1. HP: 18/18 MP: 1/1
   445 | D:1      | Discovered your monstrous ancestry.
   445 | D:1      | Gained mutation: You have sharp fingernails. [demonic
                  | ancestry]
   445 | D:1      | Reached XP level 2. HP: 18/24 MP: 2/2
  1456 | D:1      | Gained mutation: You may rarely emit foul miasma when
                  | damaged in melee. [demonic ancestry]
  1456 | D:1      | Reached XP level 3. HP: 13/29 MP: 3/3
  2076 | D:2      | Noticed Natasha
  2087 | D:2      | Killed Natasha
  2088 | D:2      | Gained mutation: You sometimes gain a little power by
                  | taking damage. [demonic ancestry]
  2088 | D:2      | Reached XP level 4. HP: 31/35 MP: 4/4
  2288 | D:$      | Got out of the dungeon alive.

Illustrated notes

Levels and vault maps discovered:
D:1:      minmay_arrival_plants_in_alcoves, layout_basic
D:2:      layout_loops_cross, kennysheep_crisscross, chequers_garden,
          fountainhead, minmay_pentomino_u4, uniq_sigmund, uniq_natasha

Skill      XL: |  1  2 |
---------------+-------+-----
Stealth        | 2 |  2.1
Long Blades    | 3 |  3.2
Dodging        | 3 |  3.2
Fighting       | |  3.5
Armour         | |  0.9

Action                   |  1- 3 |  4- 6 || total
-------------------------+-------+-------++-------
Melee: Falchion          |    92 |       ||    92
 Stab: Sleeping          |     4 |       ||     4
Armor: Robe              |    11 |       ||    11
       Ring mail         |    10 |       ||    10
Dodge: Dodged            |    59 |       ||    59

Table legend: (Time is in decaauts)
 A = Elapsed time spent in this place.
 B = Non-inter-level travel time spent in this place.
 C = Inter-level travel time spent in this place.
 D = Time resting spent in this place.
 E = Time spent auto-exploring this place.
 F = Levels seen in this place.
 G = Mean time per level.
                   A        B        C        D        E       F      G
               +--------+--------+--------+--------+--------+-----+--------+
         Total |   2303 |   2078 |    225 |      0 |   1844 |   2 | 1151.5 |
       Dungeon |   2303 |   2078 |    225 |      0 |   1844 |   2 | 1151.5 |
               +--------+--------+--------+--------+--------+-----+--------+

Top non-repeatable levels by time:
     D:1: 1975 daAuts
     D:2: 327 daAuts
